Map: Echo LE (Void)

Players

Bop - Winner!

  • Race: Zerg Zerg

Waffelz

  • Race: Protoss Protoss

VOD

Have the link to the VOD?

Description

Time

  • Played on: May 1, 2015, 4:23 a.m.
  • Length: 8:02
Show
View Real Time Build Order
Export as new Build Order

Bop Zerg - Winner!

Build Orders: Hatch First 

Get SALT Encoding   

  12  0:01  Drone  
  13  0:09  Drone  
  14  0:33  Hatchery  
  13  0:37  Drone  
  14  0:52  Spawning Pool  
  14  0:56  Drone  
  14  1:12  Overlord  
  14  1:14  Extractor  
  14  1:15  Drone  
  14  1:16  Drone, Extractor  
  16  1:32  Drone  
  17  1:39  Queen  
  19  1:40  Zergling x2  
  19  1:45  Queen  
  22  1:54  Drone x2  
  22  1:59  Overlord  
  24  2:04  Drone  
  26  2:08  Drone x2  
  27  2:23  Drone x2  
  27  2:29  Drone x2  
  31  2:42  Drone x2  
  33  2:52  Queen  
  33  2:54  Queen  
  33  2:55  Hatchery  
  33  2:56  Overlord  
  36  3:06  Extractor  
  36  3:07  Extractor  
  36  3:09  Drone x2  
  36  3:14  Overlord  
  36  3:16  Drone x4  
  40  3:23  Drone x4  
  44  3:36  Drone x6  
  50  3:47  Overlord  
  50  3:49  Drone x2  
  52  3:56  Lair, Roach Warren  
  51  4:04  Extractor x2  
  51  4:05  Drone x3  
  52  4:12  Drone x6  
  58  4:17  Drone  
  58  4:22  Overlord  
  58  4:23  Overlord  
  59  4:26  Metabolic Boost  
  59  4:27  Evolution Chamber  
  58  4:34  Drone x2  
  58  4:36  Drone x4  
  64  4:50  Overlord  
  64  4:52  Zerg Missile Weapons Level 1  
  64  4:54  Drone x4  
  64  4:55  Roach  
  64  4:56  Roach x3  
  76  5:06  Spore Crawler x2  
  74  5:07  Spore Crawler x2  
  74  5:08  Spore Crawler x2  
  74  5:10  Roach  
  74  5:12  Overlord  
  71  5:24  Drone  
  71  5:25  Drone  
  71  5:26  Drone  
  71  5:27  Roach x5  
  84  5:32  Overlord  
  84  5:38  Drone  
  84  5:39  Drone  
  88  5:50  Roach x9  
  88  5:53  Overlord, Ravager  
  88  5:56  Overlord  
  105  6:07  Overlord  
  105  6:12  Ravager x6  
  112  6:18  Ravager  
  112  6:23  Zergling x24  
  112  6:24  Overlord  
  121  6:37  Zergling x16  
  121  6:39  Ravager x3  
  127  6:41  Overlord x2  
  127  6:42  Overlord x2  
  127  6:54  Overlord x2  
  124  7:03  Zergling x8  
  124  7:14  Roach x3  
  128  7:22  Roach  
  128  7:23  Roach x11  
  127  7:49  Ravager x5  
  139  7:57  Ravager x2  
Show
View Real Time Build Order
Export as new Build Order

Waffelz Protoss 

Build Orders: Nexus First 

Get SALT Encoding   

  12  0:01  Probe  
  14  0:15  Pylon  
  14  0:16  Probe  
  14  0:33  Probe (Chrono Boost)  
  16  0:43  Probe (Chrono Boost)  
  16  0:50  Probe  
  17  0:59  Nexus  
  17  1:05  Probe  
  18  1:11  Pylon  
  18  1:17  Probe (Chrono Boost)  
  19  1:25  Gateway  
  19  1:29  Probe (Chrono Boost)  
  20  1:34  Assimilator  
  20  1:36  Assimilator  
  20  1:38  Probe  
  21  1:50  Probe (Chrono Boost)  
  22  2:01  Probe (Chrono Boost)  
  23  2:07  Probe  
  24  2:11  Gateway  
  24  2:13  Cybernetics Core  
  24  2:19  Pylon  
  24  2:21  Probe x2 (Chrono Boost)  
  26  2:33  Probe (Chrono Boost)  
  28  2:37  Probe (Chrono Boost)  
  28  2:38  Zealot  
  28  2:40  Probe (Chrono Boost)  
  31  2:47  Probe (Chrono Boost)  
  31  2:54  Pylon, Warp Gate (Chrono Boost)  
  31  2:56  Mothership Core (Chrono Boost)  
  34  3:01  Sentry  
  34  3:04  Probe (Chrono Boost)  
  36  3:10  Probe x2 (Chrono Boost)  
  38  3:17  Adept  
  40  3:22  Probe x2  
  42  3:34  Probe (Chrono Boost), Stargate  
  43  3:35  Probe (Chrono Boost)  
  44  3:41  Assimilator x2  
  44  3:46  Probe (Chrono Boost)  
  44  3:47  Probe (Chrono Boost)  
  46  3:53  Probe x2 (Chrono Boost)  
  48  3:57  Pylon  
  48  4:00  Stargate  
  48  4:03  Probe x2  
  48  4:08  Adept  
  52  4:15  Probe x2  
  54  4:18  Forge  
  54  4:22  Pylon, Oracle (Chrono Boost)  
  57  4:28  Probe x2  
  59  4:41  Probe x2  
  61  4:47  Nexus  
  61  4:50  Pylon  
  61  4:53  Probe, Protoss Shields Level 1 (Chrono Boost)  
  61  4:59  Fleet Beacon  
  62  5:03  Probe  
  62  5:05  Probe  
  64  5:08  Photon Cannon  
  64  5:10  Sentry  
  66  5:15  Probe  
  66  5:17  Probe  
  68  5:21  Zealot, Carrier (Chrono Boost)  
  68  5:23  Pylon  
  68  5:27  Probe  
  71  5:36  Adept  
  71  5:38  Probe  
  71  5:39  Probe  
  81  5:50  Pylon  
  81  5:51  Carrier (Chrono Boost)  
  81  6:00  Gateway  
  81  6:01  Gateway  
  87  6:14  Probe  
  87  6:15  Probe  
  89  6:24  Stalker x2  
  93  6:27  Probe x2  
  93  6:29  Carrier (Chrono Boost)  
  85  6:48  Stargate  
  85  6:51  Gateway  
  85  6:53  Carrier (Chrono Boost)  
  83  6:54  Gateway  
  83  7:05  Zealot x3  
  82  7:22  Pylon  
  82  7:25  Pylon  
Tags
 
Add a new tag
Caveats
  • Supply blocks, unpowered buildings, or Contaminate may cause inaccurate times.
  • Supply counts are checked every 10 seconds.